| TOP OF THE 1ST |
|
Chicago Cubs batting - Pitching for Cincinnati Reds : LHP Walt Sharpe
|
|
Pitching: LHP Walt Sharpe
|
|
|
Batting: RHB Kevin Wilson
|
0-0: Called Strike 0-1: Called Strike 0-2: SINGLE (Groundball, 34S, EV 68.1 MPH) (infield hit)
|
|
Batting: SHB Dan Williams
|
0-0: Ball 1-0: Foul Ball, location: 2RF 1-1: Ball 2-1: SINGLE (Groundball, 34S, EV 68.1 MPH) (infield hit) Kevin Wilson to second
|
|
Batting: RHB Franklin Barreto
|
0-0: Ball 1-0: Called Strike 1-1: Ball 2-1: SINGLE (Groundball, 6, EV 103.1 MPH) (infield hit) Kevin Wilson to third Dan Williams to second
|
|
Batting: RHB Ben Collins
|
0-0: Called Strike 0-1: Grounds into double play, 5-4-3 (Groundball, 5S, EV 81.9 MPH) Kevin Wilson scores Dan Williams to third
|
|
Batting: RHB Stephen Piscotty
|
0-0: Ball 1-0: Foul Ball, location: 23FF 1-1: Ball 2-1: Called Strike 2-2: DOUBLE (Line Drive, 89D, EV 98.1 MPH) Dan Williams scores
|
|
Batting: RHB Kris Bryant
|
0-0: Ball 1-0: Ball 2-0: Called Strike 2-1: Swinging Strike 2-2: Ball 3-2: Strikes out swinging
|
| Top of the 1st over - 2 runs, 4 hits, 0 errors, 1 left on base; Chicago 2 - Cincinnati 0 |
| BOTTOM OF THE 1ST |
|
Cincinnati Reds batting - Pitching for Chicago Cubs : RHP Noel Richards
|
|
Pitching: RHP Noel Richards
|
|
|
Batting: RHB Dan Beggar
|
0-0: Ball 1-0: Ball 2-0: Swinging Strike 2-1: Foul Ball, location: 9LDF 2-2: Reached on error, E4 (Groundball, 4, EV 90.6 MPH)
|
|
Batting: RHB Amerigo Maria Lamb
|
0-0: SINGLE (Groundball, 34D, EV 98.1 MPH) Dan Beggar to third Runner from 3rd tries for Home, SAFE, throw by RF to home
|
|
Batting: LHB José Parra
|
0-0: Ball 1-0: 2-RUN HOME RUN (Flyball, 9LD, EV 93.8 MPH), Distance : 348 ft
|
|
Batting: RHB Jeff Adams
|
0-0: Ball 1-0: Ground out 6-3 (Groundball, 6, EV 80.6 MPH)
|
|
Batting: RHB Diory Paulino
|
0-0: Called Strike 0-1: Ball 1-1: Fly out, F8 (Flyball, 8RM, EV 78.1 MPH)
|
|
Batting: LHB Jake Bauers
|
0-0: Called Strike 0-1: Called Strike 0-2: Ball 1-2: Foul Ball, location: 23F 1-2: Strikes out looking
|
| Bottom of the 1st over - 3 runs, 2 hits, 1 error, 0 left on base; Chicago 2 - Cincinnati 3 |
| TOP OF THE 2ND |
|
Chicago Cubs batting - Pitching for Cincinnati Reds : LHP Walt Sharpe
|
|
Batting: SHB Victor Caratini
|
0-0: Ball 1-0: Foul Ball, location: 5FF 1-1: Foul Ball, location: 9LSF 1-2: Ball 2-2: Ball 3-2: Strikes out swinging
|
|
Batting: LHB Dave Hopper
|
0-0: Ball 1-0: Fly out, F7 (Flyball, 78M, EV 86.9 MPH)
|
|
Batting: SHB Fidel Mejia
|
0-0: Ball 1-0: Called Strike 1-1: Foul Ball, location: 9LSF 1-2: Ball 2-2: Strikes out looking
|
| Top of the 2nd over - 0 runs, 0 hits, 0 errors, 0 left on base; Chicago 2 - Cincinnati 3 |
| BOTTOM OF THE 2ND |
|
Cincinnati Reds batting - Pitching for Chicago Cubs : RHP Noel Richards
|
|
Batting: RHB Juan Ayala
|
0-0: Ground out 6-3 (Groundball, 6, EV 80.6 MPH)
|
|
Batting: LHB José Juárez
|
0-0: Ball 1-0: Swinging Strike 1-1: Swinging Strike 1-2: Ball 2-2: Foul Ball, location: 2F 2-2: Ball 3-2: Base on Balls
|
|
Batting: RHB Steve Wade
|
0-0: Ball 1-0: Fly out, F7 (Flyball, 7D, EV 84.4 MPH)
|
|
Batting: RHB Dan Beggar
|
0-0: Ball 1-0: Foul Ball, location: 23FF 1-1: SINGLE (Line Drive, P, EV 65.6 MPH) José Juárez to second
|
|
Batting: RHB Amerigo Maria Lamb
|
0-0: Ball 1-0: Ball 2-0: Swinging Strike 2-1: Called Strike 2-2: Ball 3-2: Base on Balls José Juárez to third Dan Beggar to second
|
|
Batting: LHB José Parra
|
0-0: Called Strike 0-1: Swinging Strike 0-2: Ball 1-2: Ball 2-2: Foul Ball, location: 23F 2-2: Foul Ball, location: 3DF 2-2: GRAND SLAM HOME RUN (Flyball, 7D, EV 99.4 MPH), Distance : 384 ft
|
|
Pitching: RHP Mike Adon
|
|
|
Batting: RHB Jeff Adams
|
0-0: Called Strike 0-1: Ground out 5-3 (Groundball, 56S, EV 83.1 MPH)
|
| Bottom of the 2nd over - 4 runs, 2 hits, 0 errors, 0 left on base; Chicago 2 - Cincinnati 7 |
| TOP OF THE 3RD |
|
Chicago Cubs batting - Pitching for Cincinnati Reds : LHP Walt Sharpe
|
|
Batting: RHB Kevin Wilson
|
0-0: Called Strike 0-1: Single, Error in OF, E8, batter to second base (Groundball, 4MD, EV 105.0 MPH)
|
|
Batting: SHB Dan Williams
|
0-0: SINGLE (Line Drive, 8LS, EV 108.8 MPH) Kevin Wilson to third Runner from 3rd tries for Home, SAFE, throw by CF to home
|
|
Batting: RHB Franklin Barreto
|
0-0: Called Strike Dan Williams is caught stealing 2nd base 2-4 0-1: Foul Ball, location: 9LDF 0-2: Ball 1-2: Ball 2-2: Strikes out swinging
|
|
Batting: RHB Ben Collins
|
0-0: Swinging Strike 0-1: Ball 1-1: Foul Ball, location: 2F 1-2: Ball 2-2: SINGLE (Line Drive, 34D, EV 108.8 MPH)
|
|
Batting: RHB Stephen Piscotty
|
0-0: Called Strike 0-1: Ball 1-1: Ball 2-1: Foul Ball, location: 3FF 2-2: Ground out 4-3 (Groundball, 4, EV 79.4 MPH)
|
| Top of the 3rd over - 1 run, 3 hits, 1 error, 1 left on base; Chicago 3 - Cincinnati 7 |
| BOTTOM OF THE 3RD |
|
Cincinnati Reds batting - Pitching for Chicago Cubs : RHP Mike Adon
|
|
Batting: RHB Diory Paulino
|
0-0: Foul Ball, location: 7LSF 0-1: Ball 1-1: Fly out, F6 (Line Drive, 6MD, EV 70.6 MPH)
|
|
Batting: LHB Jake Bauers
|
0-0: Ball 1-0: Foul Ball, location: 23F 1-1: Ground out 4-3 (Groundball, 4, EV 105.0 MPH)
|
|
Batting: RHB Juan Ayala
|
0-0: Ground out 5-3 (Groundball, 56S, EV 78.1 MPH)
|
| Bottom of the 3rd over - 0 runs, 0 hits, 0 errors, 0 left on base; Chicago 3 - Cincinnati 7 |
| TOP OF THE 4TH |
|
Chicago Cubs batting - Pitching for Cincinnati Reds : LHP Walt Sharpe
|
|
Batting: RHB Kris Bryant
|
0-0: Foul Ball, location: 2F 0-1: Called Strike 0-2: Ball 1-2: Ball 2-2: Ball 3-2: Strikes out swinging
|
|
Batting: SHB Victor Caratini
|
0-0: Ball 1-0: Foul Ball, location: 3FF 1-1: Called Strike 1-2: Foul Ball, location: 9LSF 1-2: Strikes out swinging
|
|
Batting: LHB Dave Hopper
|
0-0: Ball 1-0: Swinging Strike 1-1: Swinging Strike 1-2: Foul Ball, location: 2F 1-2: Ball 2-2: Ground out U3 (Groundball, 34, EV 83.8 MPH)
|
| Top of the 4th over - 0 runs, 0 hits, 0 errors, 0 left on base; Chicago 3 - Cincinnati 7 |
| BOTTOM OF THE 4TH |
|
Cincinnati Reds batting - Pitching for Chicago Cubs : RHP Mike Adon
|
|
Batting: LHB José Juárez
|
0-0: Fly out, F9 (Flyball, 89M, EV 90.0 MPH)
|
|
Batting: RHB Steve Wade
|
0-0: Called Strike 0-1: Ball 1-1: Ball 2-1: Fly out, F2 (Popup, 25F, EV 79.4 MPH)
|
|
Batting: RHB Dan Beggar
|
0-0: Ball 1-0: Called Strike 1-1: Fly out, F9 (Line Drive, 9, EV 109.4 MPH)
|
| Bottom of the 4th over - 0 runs, 0 hits, 0 errors, 0 left on base; Chicago 3 - Cincinnati 7 |
| TOP OF THE 5TH |
|
Chicago Cubs batting - Pitching for Cincinnati Reds : LHP Walt Sharpe
|
|
Batting: SHB Fidel Mejia
|
0-0: Ball 1-0: Swinging Strike 1-1: Ball 2-1: Swinging Strike 2-2: Strikes out swinging
|
|
Batting: RHB Kevin Wilson
|
0-0: Foul Ball, location: 3DF 0-1: Ball 1-1: Ball 2-1: Foul Ball, location: 9LDF 2-2: Foul Ball, location: 9LDF 2-2: Ball 3-2: Foul Ball, location: 7LMF 3-2: Foul Ball, location: 9LSF 3-2: Foul Ball, location: 2F 3-2: Base on Balls
|
|
Batting: SHB Dan Williams
|
0-0: Ball 1-0: Swinging Strike 1-1: Foul Ball, location: 2F 1-2: Foul Ball, location: 2F 1-2: Strikes out swinging
|
|
Batting: RHB Franklin Barreto
|
0-0: Called Strike Kevin Wilson is caught stealing 2nd base 2-4
|
| Top of the 5th over - 0 runs, 0 hits, 0 errors, 0 left on base; Chicago 3 - Cincinnati 7 |
| BOTTOM OF THE 5TH |
|
Cincinnati Reds batting - Pitching for Chicago Cubs : RHP Mike Adon
|
|
Batting: RHB Amerigo Maria Lamb
|
0-0: Ball 1-0: Called Strike 1-1: Foul Ball, location: 5F 1-2: Ground out 3-1 (Groundball, 34S, EV 85.0 MPH)
|
|
Batting: LHB José Parra
|
0-0: Called Strike 0-1: Ball 1-1: Ball 2-1: Ball 3-1: Base on Balls
|
|
Batting: RHB Jeff Adams
|
0-0: Called Strike José Parra steals 2nd base 0-1: Foul Ball, location: 23F 0-2: Ball 1-2: Ground out 1-3 (Groundball, 13, EV 75.6 MPH) José Parra to third
|
|
Batting: RHB Diory Paulino
|
0-0: Ball 1-0: Foul Ball, location: 5FF 1-1: Swinging Strike 1-2: Strikes out swinging
|
| Bottom of the 5th over - 0 runs, 0 hits, 0 errors, 1 left on base; Chicago 3 - Cincinnati 7 |
| TOP OF THE 6TH |
|
Chicago Cubs batting - Pitching for Cincinnati Reds : LHP Walt Sharpe
|
|
Pitching: RHP Jim Morris
|
|
|
Batting: RHB Franklin Barreto
|
0-0: Foul Ball, location: 3F 0-1: Ball 1-1: Foul Ball, location: 2F 1-2: Ball 2-2: Foul Ball, location: 9LDF 2-2: Fly out, F9 (Flyball, 9LM, EV 103.8 MPH)
|
|
Batting: RHB Ben Collins
|
0-0: Ball 1-0: Ball 2-0: SOLO HOME RUN (Flyball, 78XD, EV 96.9 MPH), Distance : 394 ft
|
|
Batting: RHB Stephen Piscotty
|
0-0: Called Strike 0-1: Foul Ball, location: 9LMF 0-2: Ball 1-2: Foul Ball, location: 2RF 1-2: Ball 2-2: Ball 3-2: Strikes out swinging
|
|
Batting: RHB Kris Bryant
|
0-0: Swinging Strike 0-1: Ball 1-1: Fly out, F8 (Flyball, 8RD, EV 103.1 MPH)
|
| Top of the 6th over - 1 run, 1 hit, 0 errors, 0 left on base; Chicago 4 - Cincinnati 7 |
| BOTTOM OF THE 6TH |
|
Cincinnati Reds batting - Pitching for Chicago Cubs : RHP Mike Adon
|
|
Batting: LHB Jake Bauers
|
0-0: Fly out, F8 (Flyball, 78M, EV 83.1 MPH)
|
|
Batting: RHB Juan Ayala
|
0-0: Called Strike 0-1: Ball 1-1: SINGLE (Line Drive, 6MD, EV 108.8 MPH)
|
|
Batting: LHB José Juárez
|
0-0: Ball 1-0: Ball 2-0: Ball 3-0: Base on Balls Juan Ayala to second
|
|
Pitching: LHP Jon Hall
|
|
|
Batting: RHB Steve Wade
|
0-0: Called Strike 0-1: Ball 1-1: Ball 2-1: Ball 3-1: Swinging Strike 3-2: Strikes out swinging
|
|
Batting: RHB Dan Beggar
|
0-0: Called Strike 0-1: Ball 1-1: Called Strike 1-2: Ball 2-2: Ball 3-2: Base on Balls Juan Ayala to third José Juárez to second
|
|
Batting: RHB Amerigo Maria Lamb
|
0-0: Foul Ball, location: 2F 0-1: Ball 1-1: Fly out, F8 (Flyball, 8RM, EV 87.5 MPH)
|
| Bottom of the 6th over - 0 runs, 1 hit, 0 errors, 3 left on base; Chicago 4 - Cincinnati 7 |
| TOP OF THE 7TH |
|
Chicago Cubs batting - Pitching for Cincinnati Reds : RHP Jim Morris
|
|
Pitching: LHP Doug Hall
|
|
|
Batting: SHB Victor Caratini
|
0-0: Ball 1-0: Foul Ball, location: 2F 1-1: Foul Ball, location: 2F 1-2: Foul Ball, location: 2RF 1-2: Foul Ball, location: 3FF 1-2: Ball 2-2: Ball 3-2: Base on Balls
|
|
Batting: LHB Dave Hopper
|
0-0: Called Strike 0-1: Called Strike 0-2: Ball 1-2: Ball 2-2: Grounds into double play, 2-6-3 (Groundball, 2R, EV 67.5 MPH)
|
|
Batting: SHB Fidel Mejia
|
0-0: Foul Ball, location: 3DF 0-1: Ball 1-1: Ball 2-1: Ball 3-1: Base on Balls
|
|
Batting: RHB Kevin Wilson
|
0-0: Ball 1-0: Called Strike 1-1: Swinging Strike 1-2: Fielders Choice at 2nd, 5-4 (Groundball, 56, EV 92.5 MPH)
|
| Top of the 7th over - 0 runs, 0 hits, 0 errors, 1 left on base; Chicago 4 - Cincinnati 7 |
| BOTTOM OF THE 7TH |
|
Cincinnati Reds batting - Pitching for Chicago Cubs : LHP Jon Hall
|
|
Batting: LHB José Parra
|
0-0: Swinging Strike 0-1: SINGLE (Line Drive, 34, EV 104.4 MPH)
|
|
Batting: RHB Jeff Adams
|
0-0: Ball 1-0: Swinging Strike 1-1: Foul Ball, location: 7LSF 1-2: Ball 2-2: DOUBLE (Flyball, 78XD, EV 83.1 MPH) José Parra to third
|
|
Batting: RHB Diory Paulino
|
0-0: Intentional Walk
|
|
Batting: RHB Tito Polo
|
0-0: Called Strike 0-1: Ball 1-1: Ball 2-1: Ball 3-1: Base on Balls José Parra scores Jeff Adams to third Diory Paulino to second
|
|
Batting: RHB Juan Ayala
|
0-0: Called Strike 0-1: Ball 1-1: Fly out, F2 (Popup, 2L, EV 88.1 MPH)
|
|
Batting: LHB José Juárez
|
0-0: Called Strike 0-1: Ball 1-1: Called Strike 1-2: Strikes out swinging
|
|
Batting: RHB Steve Wade
|
0-0: Called Strike 0-1: Fly out, F9 (Line Drive, 9S, EV 95.0 MPH)
|
| Bottom of the 7th over - 1 run, 2 hits, 0 errors, 3 left on base; Chicago 4 - Cincinnati 8 |
| TOP OF THE 8TH |
|
Chicago Cubs batting - Pitching for Cincinnati Reds : LHP Doug Hall
|
|
Batting: SHB Dan Williams
|
0-0: Called Strike 0-1: Called Strike 0-2: Ball 1-2: Foul Ball, location: 2F 1-2: Ball 2-2: SINGLE (Groundball, 6, EV 77.5 MPH)
|
|
Batting: RHB Franklin Barreto
|
0-0: 2-RUN HOME RUN (Flyball, 78XD, EV 97.5 MPH), Distance : 400 ft
|
|
Batting: RHB Ben Collins
|
0-0: Called Strike 0-1: Ball 1-1: Ball 2-1: Ball 3-1: Base on Balls
|
|
Batting: RHB Stephen Piscotty
|
0-0: Called Strike 0-1: Foul Ball, location: 3F 0-2: Strikes out looking
|
|
Batting: RHB Kris Bryant
|
0-0: Called Strike 0-1: Called Strike 0-2: Ball 1-2: Ball 2-2: Fly out, F7 (Flyball, 7D, EV 98.8 MPH)
|
|
Batting: SHB Victor Caratini
|
0-0: Called Strike 0-1: Foul Ball, location: 2RF 0-2: Strikes out swinging
|
| Top of the 8th over - 2 runs, 2 hits, 0 errors, 1 left on base; Chicago 6 - Cincinnati 8 |
| BOTTOM OF THE 8TH |
|
Cincinnati Reds batting - Pitching for Chicago Cubs : LHP Jon Hall
|
|
Pitching: LHP Jose G. Gonzalez
|
|
|
Batting: RHB Dan Beggar
|
0-0: Ground out 6-3 (Groundball, 6, EV 109.4 MPH)
|
|
Batting: RHB Amerigo Maria Lamb
|
0-0: Foul Ball, location: 9LSFF 0-1: Swinging Strike 0-2: Strikes out swinging
|
|
Batting: LHB José Parra
|
0-0: Ball 1-0: Called Strike 1-1: Called Strike 1-2: Foul Ball, location: 7LDF 1-2: Foul Ball, location: 2F 1-2: Ball 2-2: Foul Ball, location: 2F 2-2: Foul Ball, location: 23F 2-2: Ball 3-2: Base on Balls
|
|
Batting: RHB Jeff Adams
|
0-0: Ball 1-0: Ball 2-0: Foul Ball, location: 7LMF 2-1: Ball 3-1: SINGLE (Line Drive, 9LS, EV 103.1 MPH) José Parra to second Runner from 2nd tries for 3rd, SAFE, throw by RF made to third
|
|
Batting: RHB Diory Paulino
|
0-0: Foul Ball, location: 9LDF 0-1: Foul Ball, location: 5F 0-2: Ground out 5-3 (Groundball, 56S, EV 78.1 MPH)
|
| Bottom of the 8th over - 0 runs, 1 hit, 0 errors, 2 left on base; Chicago 6 - Cincinnati 8 |
| TOP OF THE 9TH |
|
Chicago Cubs batting - Pitching for Cincinnati Reds : LHP Doug Hall
|
|
Pitching: RHP Anthony DeSclafani
|
|
|
Now at 1B: Juan Ayala
|
|
|
Now at 2B: Jose Peraza
|
|
|
Now in LF: Mike Lambright
|
|
|
Batting: LHB Dave Hopper
|
0-0: Foul Ball, location: 7LDF 0-1: Fly out, F7 (Flyball, 78M, EV 95.6 MPH)
|
|
Batting: SHB Fidel Mejia
|
0-0: Swinging Strike 0-1: Foul Ball, location: 7LDF 0-2: Ball 1-2: Ball 2-2: Foul Ball, location: 7LDF 2-2: Fly out, F7 (Flyball, 7, EV 93.1 MPH)
|
|
Batting: RHB Kevin Wilson
|
0-0: Called Strike 0-1: Foul Ball, location: 5F 0-2: Fly out, F4 (Popup, 13, EV 85.0 MPH)
|
| Top of the 9th over - 0 runs, 0 hits, 0 errors, 0 left on base; Chicago 6 - Cincinnati 8 |
|